 Dungeon Crawl Stone Soup version 0.32-a0-921-g04a7ad8 (webtiles) character file.

Game seed: 886738894741990169

9 Erotictoilet the Slasher (level 2, 0/2 HPs)
             Began as a Coglin Berserker on Apr 11, 2024.
             Was a Follower of Trog.
             Constricted to death by a ball python (1 damage)
             ... on level 1 of the Dungeon.
             The game lasted 00:04:27 (235 turns).

Erotictoilet the Slasher (Coglin Berserker)          Turns: 235, Time: 00:04:28

Health: 0/2        AC:  0    Str: 17    XL:     2   Next: 12%
Magic:  2/2        EV:  1    Int:  6    God:    Trog [*.....]
Gold:   0          SH:  0    Dex: 13    Spells: 1/1 levels left

rFire   . . .        a - melded +0 falchion {Sachi}
rCold   . . .        e - melded +0 club {Vikramjeet}
rNeg    . . .        b - +0 animal skin
rPois   .            (no helmet)
rElec   .            (no cloak)
rCorr   .            (gloves currently unavailable)
SInv    .            (no boots)
Will    .....        (amulet unavailable)
Stlth   +            (ring unavailable)
HPRegen 0.20/turn    (ring unavailable)
MPRegen 0.08/turn    (no gizmo)

%: no passive effects
@: blade graspers, constricted, revving
A: reduced hp, off-hand wielding, slow wielding, warmup strikes, no jewellery
a: Invent Gizmo, Begin Untransformation, Renounce Religion, Berserk


You were on level 1 of the Dungeon.
You worshipped Trog.
Trog was aware of your devotion.
You had blades for graspers.
You visited 1 branch of the dungeon, and saw 1 of its levels.

Inventory:

Hand Weapons
 a - a +0 falchion (melded) {Sachi}
 c - a +0 dagger {Ahhotep}
 e - a +0 club (melded) {Vikramjeet}
Armour
 b - a +0 animal skin (worn)
Jewellery
 d - a +4 ring of slaying
Talismans
 f - a blade talisman (active)
Potions
 g - a potion of brilliance {unknown}


   Skills:
 + Level 3.1 Fighting
 + Level 3.3 Long Blades
 + Level 1.8 Armour
 + Level 1.7 Dodging


You had one spell level left.
You didn't know any spells.
Your spell library was empty.

Dungeon Overview and Level Annotations

Branches:
Dungeon (1/15)

Altars:


Innate Abilities, Weirdness & Mutations

You have blades for graspers.
Your maximum health is decreased, since you lack skill for your form.
You are incapable of wielding weapons or throwing items.
You can wield a second weapon in your off-hand.
It takes a long time for you to wield or remove held weapons.
Your first few attacks do less damage.
You cannot equip rings or amulets.


Message History

Found a scroll labelled GAGOTO PYAR, 5 gold pieces and a flux talisman.
Found 23 gold pieces and a scroll labelled DUZOEF CAFAE.
A ball python comes into view.
The ball python hisses angrily.
You hit the ball python.
The ball python is heavily wounded.
The ball python bites you.
Ouch! That really hurt!
The ball python closely misses you.
You slash the ball python!
You kill the ball python!
Trog accepts your kill.
Found a stone staircase leading down.
As you read the scroll labelled WOKHUX INY, it crumbles to dust.
A profound silence engulfs you.
It was a scroll of silence.
Sorry, I don't know how to get there.
Okay, then.
You see here a +4 ring of slaying.
You see here a +4 ring of slaying.
You see here a +4 ring of slaying.
Unknown command.
You see here a +4 ring of slaying.
You can't wield anything in your present form.
d - a +4 ring of slaying You can't wield anything in your present form.
Adjust to which letter? (? for menu, Esc to quit)
Okay, then.
There is a stone staircase leading down here.
Your hearing returns.
You open the door.
Found a scroll labelled ZOAPHAMESMEST.
There is an open door here.
A ball python comes into view.
The ball python hisses angrily.
You see here a scroll labelled ZOAPHAMESMEST.
You barely miss the ball python. The ball python bites you.
Ouch! That really hurt!
The ball python grabs you. The ball python constricts you.
Ouch! That really hurt!
You die...

#####.#...#.............
...............>........
....#.....#.#.#.######..
....#.........#.# ##..
.........##...#.. ...#
.........'....#.## ###.#
.........##...#.# ##..
######...###..#.# #...
#.@.# #..#.# #... #.S.#
#..# #... .....+ ...#
#... .......# ##.# #.^.
.........# .# #...
.........# #...
......#### #... ......
..... #######.######..


You could see a ball python.

Vanquished Creatures
  2 ball pythons (D:1)
  A giant cockroach (D:1)
  A goblin (D:1)
  A hobgoblin (D:1)
  A quokka (D:1)
  A rat (D:1)
  3 butterflies (D:1)
10 creatures vanquished.

Notes
Turn   | Place    | Note
-------+----------+-------------------------------------------
     0 | D:1      | Erotictoilet the Coglin Berserker began the quest for the
                  | Orb.
     0 | D:1      | Reached XP level 1. HP: 18/18 MP: 1/1
   116 | D:1      | Reached XP level 2. HP: 19/24 MP: 2/2
   235 | D:1      | Constricted to death by a ball python

Illustrated notes

Levels and vault maps discovered:
D:1:      spicycebolla_arrival_clurvy, layout_basic, due_unseen_surprise

Action                     || total
---------------------------++-------
  Melee: Falchion          ||    19
         Dagger            ||    18
         Unarmed           ||     3
    Use: Scroll            ||     1
   Stab: Sleeping          ||     2
 Armour: Animal skin       ||    11
  Dodge: Dodged            ||     7
   Form: Blade             ||     1

Table legend: (Time is in decaauts)
 A = Elapsed time spent in this place.
 B = Non-inter-level travel time spent in this place.
 C = Inter-level travel time spent in this place.
 D = Time resting spent in this place.
 E = Time spent auto-exploring this place.
 F = Levels seen in this place.
 G = Mean time per level.
                   A        B        C        D        E       F      G
               +--------+--------+--------+--------+--------+-----+--------+
         Total |    235 |    121 |    114 |      0 |     11 |   1 |  235.0 |
       Dungeon |    235 |    121 |    114 |      0 |     11 |   1 |  235.0 |
               +--------+--------+--------+--------+--------+-----+--------+

Top non-repeatable levels by time:
     D:1: 235 daAuts
